 Dungeon Crawl Stone Soup version 0.17-a0-1842-gacc33f2 (webtiles) character file.

1472 Dargon the Gouger (level 8, -5/38 HPs)
             Began as a Felid Transmuter on Sept 17, 2015.
             Was a Believer of Nemelex Xobeh.
             Slain by a wyvern (17 damage)
             ... on level 8 of the Dungeon.
             The game lasted 00:33:28 (9685 turns).

Dargon the Gouger (Felid Transmuter)                Turns: 9685, Time: 00:33:28

Health: -5/38      AC:  2    Str:  6    XL:     8   Next: 49%
Magic:  12/15      EV: 22    Int: 16    God:    Nemelex Xobeh [**....]
Gold:   387        SH:  0    Dex: 24    Spells: 3 memorised, 3 levels left
                                        Lives:  0   Deaths: 2

rFire  . . .     SeeInvis +       - Unarmed
rCold  . . .     Clarity  .     (armour unavailable)
rNeg   . . .     SustAt   .     (shield unavailable)
rPois  x         Gourm    .     (helmet unavailable)
rElec  .         Spirit   .     (cloak unavailable)
rCorr  .         Warding  .     (gloves unavailable)
rMut   .         Stasis   .     (boots unavailable)
MR     +....                    (no amulet)
Stlth  ++........               (no ring)
                                h - ring of wizardry

@: spider-form, somewhat resistant to hostile enchantments, unstealthy
A: no armour, no weapons or thrown items, (claws 0), (fangs 0), see invisible,
carnivore 3, clever 1, (fire resistance 0), (speed 0), (shaggy fur 0), slow
metabolism 1, (sharp paws)
a: End Transformation, Renounce Religion


You were on level 8 of the Dungeon.
You worshipped Nemelex Xobeh.
Nemelex Xobeh was pleased with you.
You were full.
You were a venomous arachnid creature.
You visited 2 branches of the dungeon, and saw 9 of its levels.

You collected 387 gold pieces.

Inventory:

Jewellery
 h - a ring of wizardry (left front leg)
Magical devices
 l - a wand of frost (20)
 x - a wand of magic darts (13)
 z - a wand of cold (9)
Scrolls
 e - a scroll of teleportation
 i - 2 scrolls of amnesia
 j - 2 scrolls of blinking
 u - a scroll of fear {unknown}
Potions
 d - a potion of heal wounds
 f - a potion of might {unknown}
 g - a potion of brilliance {unknown}
 k - a potion of ambrosia {unknown}
 m - a potion of flight
 n - a potion of curing {unknown}
 o - a potion of magic {unknown}
 s - a potion of agility
 v - a potion of haste {unknown}
Books
 b - a book of Changes

   Spells                             Type                      Level
   a - Beastly Appendage              Transmutation                1
   b - Sticks to Snakes               Transmutation                2
   c - Spider Form                    Transmutation/Poison         3
   d - Ice Form                       Ice/Transmutation            4
   e - Blade Hands                    Transmutation                5
 q - a Necronomicon

   Spells                             Type                      Level
   a - Haunt                          Necromancy/Summoning         7
   b - Borgnjor's Revivification      Necromancy                   8
   c - Death's Door                   Charms/Necromancy            8
   d - Necromutation                  Transmutation/Necromancy     8
Miscellaneous
 a - a plain deck of war {drawn: 6}
 r - a plain deck of escape
 t - a plain deck of war
Comestibles
 c - 3 meat rations
 p - 2 beef jerkies


   Skills:
 - Level 6.0 Fighting
 + Level 3.1 Dodging
 - Level 9.0 Unarmed Combat
 + Level 4.4 Spellcasting
 * Level 5.8 Transmutations
 + Level 0.1 Ice Magic


You had 3 spell levels left.
You knew the following spells:

 Your Spells              Type           Power        Failure   Level  Hunger
a - Blade Hands           Trmt           ###.......   38%         5    ######.
b - Spider Form           Trmt/Pois      ##........   13%         3    ###....
c - Ice Form              Ice/Trmt       ##......     38%         4    ####...


Dungeon Overview and Level Annotations

Branches:
Dungeon (8/15)             Temple (1/1) D:4
   Lair: D:8-11

Altars:
Ashenzari
Cheibriados
Dithmenos
Elyvilon
Fedhas
Gozag
Kikubaaqudgha
Makhleb
Nemelex Xobeh
Okawaru
Qazlal
Ru
Sif Muna
Trog
Vehumet
Xom
Yredelemnul
Zin
The Shining One


Innate Abilities, Weirdness & Mutations

You cannot wear armour.
You are incapable of wielding weapons or throwing items.
((You have sharp claws.))
((You have razor-sharp teeth.))
You have supernaturally acute eyesight.
You are carnivorous and can eat meat at any time.
((You cover ground quickly.))
((You are covered in thick fur (AC +2).))
You have a slow metabolism.
((Your sharp claws are effective at attacking unaware monsters.))
Your mind is acute. (Int +2)
((Your flesh is heat resistant.))


Message History

The wyvern barely misses you. The wyvern misses you.
Your transformation has ended.
Found a plate armour.
The wyvern closely misses you. The wyvern misses you.
The wyvern closely misses you. The wyvern barely misses you.
The wyvern misses you.
Casting: Spider Form
Confirm with . or Enter, or press ? or * to list all spells.
You turn into a venomous arachnid creature.
The wyvern completely misses you.
You hit the wyvern but do no damage.
The wyvern is moderately wounded.
The wyvern completely misses you.
You hit the wyvern.
The wyvern is poisoned.
The wyvern is heavily wounded.
The wyvern bites you!
You die...
Your body glows slightly and disappears.

#..##..)).(##.##........#....
#..."....).(......#####.#.#..
#..####.##.##.###..##........
#.... ....#.##.#
##.##.#######
#.##...##..#....####....# ..
### ##.......##......# ..
..............#.## .
#.#.###..l.....#.#
#...###.s##......#
.........####....[..
.....#<## ####..... .....#.#
#.... .... #.# .... .... #.#
### ... ..# ... .>.


You could see a wyvern.

Vanquished Creatures
  Sigmund (D:6)
  Eustachio (D:5)
  Duvessa (D:4)
  An ice beast (D:5)
  3 ogres
  A centaur (D:5)
  A big kobold (D:8)
  3 giant frogs (D:6)
  Dowan (D:4)
  3 wights (D:6)
  A crimson imp (D:5)
  2 hounds
  A jelly (D:8)
  4 worker ants
  An iguana (D:6)
  6 orc wizards
  4 gnolls (D:4)
  7 adders
  2 oozes
  An adder skeleton (D:5)
  An adder zombie (D:6)
  8 worms
  10 giant geckos
  19 orcs
  4 bats
  9 giant cockroaches
  A hobgoblin (D:3)
  16 jackals
  9 kobolds
  4 quokkas
  8 giant newts
  7 goblins
  7 rats
148 creatures vanquished.

Vanquished Creatures (collateral kills)
  The ghost of Mulkerokala the Shooter, an experienced HuHu of the Shining One (D:7)
  An ogre (D:7)
2 creatures vanquished.

Grand Total: 150 creatures vanquished

Notes
Turn   | Place    | Note
--------------------------------------------------------------
     0 | D:1      | Dargon the Felid Transmuter began the quest for the Orb.
     0 | D:1      | Reached XP level 1. HP: 9/9 MP: 4/4
   532 | D:2      | Reached XP level 2. HP: 12/12 MP: 6/6
   730 | D:2      | Reached XP level 3. HP: 12/16 MP: 5/7
   876 | D:1      | Learned a level 3 spell: Spider Form
  1397 | D:2      | Reached skill level 4 in Unarmed Combat
  1864 | D:2      | Reached XP level 4. HP: 13/19 MP: 8/8
  2622 | D:3      | Reached XP level 5. HP: 3/24 MP: 4/9
  3135 | D:3      | Found a shimmering altar of Xom.
  3196 | D:3      | Reached skill level 5 in Unarmed Combat
  4006 | D:4      | Noticed an ogre
  4127 | D:4      | Found a staircase to the Ecumenical Temple.
  4745 | Temple   | Entered the Ecumenical Temple
  4838 | Temple   | Became a worshipper of Nemelex Xobeh the Trickster
  4907 | D:4      | Gained mutation: You are covered in thick fur (AC +2). [Felid growth]
  4907 | D:4      | Reached XP level 6. HP: 28/28 MP: 10/10
  4973 | D:4      | Learned a level 4 spell: Ice Form
  4977 | D:4      | Noticed Duvessa
  4977 | D:4      | Noticed Dowan
  4993 | D:4      | Killed Dowan
  4993 | D:4      | Reached skill level 6 in Unarmed Combat
  5003 | D:4      | HP: 1/28 [poisoned by Duvessa]
  5004 | D:4      | Succumbed to Duvessa's poison
  5005 | D:4      | Reached XP level 5. HP: 0/25 MP: 6/9
  5020 | D:4      | Killed Duvessa
  5020 | D:4      | Reached XP level 6. HP: 20/28 MP: 10/10
  5274 | D:5      | Entered Level 5 of the Dungeon
  5277 | D:5      | Received a gift from Nemelex Xobeh
  5297 | D:4      | Gained mutation: Your mind is acute. (Int +2) [potion of beneficial mutation]
  5298 | D:4      | Gained mutation: Your flesh is heat resistant. [potion of beneficial mutation]
  5540 | D:5      | Killed an ogre
  5866 | D:5      | Noticed Eustachio
  5954 | D:5      | HP: 1/28 [Eustachio/rapier (4)]
  5955 | D:5      | Killed Eustachio
  5955 | D:5      | Reached skill level 7 in Unarmed Combat
  5955 | D:5      | Reached XP level 7. HP: 1/33 MP: 8/12
  6970 | D:5      | Received a gift from Nemelex Xobeh
  7239 | D:6      | Noticed Sigmund
  7246 | D:6      | Killed Sigmund
  7541 | D:6      | Reached skill level 5 in Fighting
  7541 | D:6      | Reached XP level 8. HP: 37/37 MP: 9/14
  7604 | D:6      | Reached skill level 8 in Unarmed Combat
  7981 | D:6      | Learned a level 5 spell: Blade Hands
  8034 | D:6      | Found a shadowy altar of Dithmenos.
  8034 | D:6      | Found a shattered altar of Ashenzari.
  8278 | D:7      | Noticed Mulkerokala's ghost (experienced HuHu)
  8284 | D:7      | HP: 1/37 [Mulkerokala's ghost (14)]
  8593 | D:7      | Slain by Mulkerokala's ghost
  8594 | D:7      | Reached XP level 7. HP: -5/39 MP: 11/13
  8680 | D:7      | Killed Mulkerokala's ghost
  8680 | D:7      | Reached skill level 9 in Unarmed Combat
  8680 | D:7      | Reached skill level 5 in Transmutations
  8680 | D:7      | Reached XP level 8. HP: 5/38 MP: 11/15
  9310 | D:7      | Received a gift from Nemelex Xobeh
  9685 | D:8      | Slain by a wyvern

Vault maps used:
D:1:      dpeg_arrival_radiant
D:3:      nicolae_overflow_hidden_temple, first_bread,
          kennysheep_cross_bottleneck, st_stairs_6
D:4:      temple_fountains, uniq_duvessa
D:5:      uniq_eustachio
D:6:      gammafunk_temple_overflow_elements, uniq_sigmund
Temple:   lightli_temple_of_artemis

Action                   |  1- 3 |  4- 6 |  7- 9 || total
-------------------------+-------+-------+-------++-------
Melee: Unarmed           |   104 |   207 |   166 ||   477
 Cast: Beastly Appendage |     2 |     4 |       ||     6
       Spider Form       |       |    11 |    13 ||    24
       Ice Form          |       |       |     1 ||     1
Evoke: Deck              |       |       |     6 ||     6
       Wand              |       |       |     5 ||     5
  Use: Scroll            |       |    10 |     8 ||    18
       Potion            |       |     2 |       ||     2
 Stab: Sleeping          |     4 |    12 |     1 ||    17
       Distracted        |       |       |     3 ||     3
  Eat: Chunk             |     2 |    16 |    17 ||    35
